[Event "*** Titled Tuesday Blitz"]
[Site "Chess.com"]
[Date "2020.05.19"]
[Round "8"]
[White "Charlottemillard17"]
[Black "spela91"]
[Result "0-1"]
[WhiteElo "1418"]
[BlackElo "2032"]
[TimeControl "180+1"]
[EndTime "13:36:44 PDT"]
[Termination "spela91 won on time"]

1. e4 c5 2. Nf3 Nc6 3. d4 cxd4 4. Nxd4 Qc7 5. Nc3 e6 6. Nb3 Nf6 7. f4 d6 8. Be2 a6 9. g4 Be7 10.
g5 Nd7 11. Be3 b5 12. Qd2 h6 13. h4 hxg5 14. fxg5 Nde5 15. O-O-O Bd7 16. Bf4 O-O-O 17. Qe3 Nb4 18. a3 Nbc6 19. Na2 Kb7 20. Bg3 Qb6 21. Qc3 Rc8 22. Qd2 Rhd8 23. Bd3 Be8 24. Bf2 Qc7 25. Rhg1 g6 26. Rh1 Nc4 27. Bxc4 bxc4 28. Nd4 Ne5 29.
Qb4+ Ka8 30. Ne2 d5 31. Qc3 Rb8 32. Qd4 Bd6 33. Nb4 Nc6 34. Nxc6 Bxc6 0-1

[Event "*** Titled Tuesday Blitz"]
[Site "Chess.com"]
[Date "2020.05.19"]
[Round "8"]
[White "Thee-Chessboy"]
[Black "DenisQ"]
[Result "0-1"]
[WhiteElo "2404"]
[BlackElo "2556"]
[TimeControl "180+1"]
[EndTime "13:36:45 PDT"]
[Termination "DenisQ won by resignation"]

1. d4 Nf6 2. c4 g6 3. Nf3 Bg7 4. g3 O-O 5. Bg2 c6 6. O-O d5 7. cxd5 cxd5 8. Ne5 Nfd7 9. Nxd7 Nxd7 10. Nc3 Nb6 11. a4 a5 12. Bf4 e6 13. Nb5 Qd7 14. Rc1 Ra6 15. Rc7 Qd8 16. Qc2 Na8 17. Rc3 Bd7 18. Rc1 Rc6 19. e3 Qb6 20. Rxc6 bxc6 21.
Nc3 c5 22. dxc5 Qxc5 23. Nxd5 Qxc2 24. Ne7+ Kh8 25. Rxc2 Bxa4 26. Rc4 Bb3 27. Rc5 a4 28. Be5 Bxe5 29. Rxe5 Nb6 30. Bf1 Rd8 31. Kg2 Rd7 32. Rb5 Nc4 33. Rb8+ Kg7 34. Bxc4 Bxc4 35. Nc8 Rd8 36.
e4 Ba6 37. Rb6 Bxc8 38. Rb8 Kf8 0-1

[Event "*** Titled Tuesday Blitz"]
[Site "Chess.com"]
[Date "2020.05.19"]
[Round "8"]
[White "Baby_Legs"]
[Black "Alopekos"]
[Result "0-1"]
[WhiteElo "2704"]
[BlackElo "2503"]
[TimeControl "180+1"]
[EndTime "13:36:46 PDT"]
[Termination "Alopekos won by checkmate"]

1. Nf3 Nf6 2. e3 c5 3. d4 e6 4. Bd3 Nc6 5. O-O Be7 6. b3 O-O 7. Bb2 b6 8. dxc5 bxc5 9. c4 d6 10. Nc3 Bb7 11. Qe2 a6 12. Rad1 Qc7 13. Bb1 Rad8 14.
h3 Rfe8 15. Ng5 h6 16. f4 d5 17.
Nf3 d4 18. Ne4 Nxe4 19. Bxe4 Bf6 20. exd4 cxd4 21. Bb1 Qxf4 22. Kh1 Qe3 23. Rfe1 Qxe2 24. Rxe2 e5 25. Be4 Na5 26. Bxb7 Nxb7 27. Nd2 Nc5 28.
Ne4 Nxe4 29. Rxe4 g6 30. g4 Bg7 31. Rf1 Rf8 32. Kg2 f5 33. gxf5 gxf5 34. Ree1 e4 35. Kg3 d3 36. Bxg7 Kxg7 37. Kf4 Kf6 38. Rg1 d2 39. Rd1 Rd3 40. Rg3 Rxg3 41. Kxg3 Rd8 42.
Kf4 Rd3 43. c5 Rf3# 0-1

[Event "*** Titled Tuesday Blitz"]
[Site "Chess.com"]
[Date "2020.05.19"]
[Round "8"]
[White "ChadBiryani"]
[Black "enriquetejedor"]
[Result "0-1"]
[WhiteElo "2298"]
[BlackElo "2466"]
[TimeControl "180+1"]
[EndTime "13:36:47 PDT"]
[Termination "enriquetejedor won by checkmate"]

1. d4 Nf6 2. Bf4 d5 3. Nc3 Bf5 4. e3 e6 5. Nf3 Bd6 6. Ne5 O-O 7. Bd3 Bxd3 8. Nxd3 Bxf4 9. Nxf4 Nbd7 10. O-O c5 11. a3 Rc8 12. Rc1 a6 13. h3 Qb6 14.
Rb1 cxd4 15. exd4 Rc4 16. Nce2 Rfc8 17. c3 Qd6 18. Nd3 Ne4 19. f4 b5 20. Rf3 a5 21.
f5 e5 22. Qe1 f6 23. Qh4 Nd2 24.
Rbf1 e4 25. Ndf4 exf3 26. Rd1 fxe2 27. Rxd2 Qxf4 28. Qxf4 e1=Q+ 29. Kh2 Re8 30. Rd3 Qe7 31. Rg3 Nf8 32. Qf3 Rcc8 33. Qxd5+ Kh8 34. Qxb5 Qc7 35. h4 Re3 36. Qf1 Qxg3+ 37. Kg1 Rce8 38. h5 Re1 39. d5 Rxf1+ 40. Kxf1 Re1# 0-1

[Event "*** Titled Tuesday Blitz"]
[Site "Chess.com"]
[Date "2020.05.19"]
[Round "8"]
[White "queen_iryna"]
[Black "garfield_pg"]
[Result "1-0"]
[WhiteElo "2320"]
[BlackElo "2150"]
[TimeControl "180+1"]
[EndTime "13:36:47 PDT"]
[Termination "queen_iryna won on time"]

1. d4 Nf6 2. Bg5 Ne4 3. Bf4 g6 4. f3 Nf6 5. e4 c5 6. d5 Bg7 7. Nc3 d6 8. Bb5+ Bd7 9. a4 Kf8 10. Qd2 a6 11. Bd3 e5 12. dxe6 Bxe6 13. Be2 d5 14.
Nh3 Nc6 15. Nf2 dxe4 16. Bd6+ Kg8 17. Nfxe4 Nxe4 18. fxe4 b6 19. Rd1 Nd4 20. Bf4 h6 21. O-O Kh7 22. e5 Qh4 23. Ne4 Rad8 24. Nd6 Nf5 25. g3 Qh3 26. Qe1 g5 27. Bc1 Bxe5 28. Bg4 Qxf1+ 29. Qxf1 Rxd6 30. Bxf5+ Kg7 31. Rxd6 Bxd6 32.
Bxe6 fxe6 33. Bd2 Rf8 34. Bc3+ Kg6 35. Qd3+ Kf7 36. Qxd6 Re8 37. Qe5 Re7 38. Qf6+ 1-0

[Event "*** Titled Tuesday Blitz"]
[Site "Chess.com"]
[Date "2020.05.19"]
[Round "8"]
[White "Luibov_AN"]
[Black "CalinGheorghiu"]
[Result "1-0"]
[WhiteElo "2095"]
[BlackElo "2261"]
[TimeControl "180+1"]
[EndTime "13:36:47 PDT"]
[Termination "Luibov_AN won on time"]

1. d4 Nf6 2. Nf3 d5 3. c4 e6 4.
Nc3 Bb4 5. Bd2 O-O 6. e3 c5 7. cxd5 exd5 8. Bd3 Nc6 9. O-O cxd4 10. exd4 Bg4 11. h3 Bxf3 12. Qxf3 Nxd4 13. Qf4 Nc6 14. Qh4 d4 15. Nb1 Bxd2 16. Nxd2 h6 17. Nf3 Qd5 18.
b3 b5 19. Rac1 Rfe8 20. Rfd1 Rad8 21. Bb1 Re2 22. Rd3 Rde8 23. Rcd1 R8e4 24. Qg3 Nh5 25.
Qc7 Nf4 26. Qc8+ Re8 27. Qg4 Nxd3 28. Bxd3 Rxa2 29. Kh2 Qxb3 30. Nh4 Rxf2 31. Nf5 g6 32. Nxh6+ Kf8 33. Nxf7 Kxf7 34. Bxg6+ Ke7 35. Re1+ Kd8 36.
Rxe8+ Kc7 37. Qc8+ Kb6 38. Be4 Qc4 39. Re6 1-0

[Event "*** Titled Tuesday Blitz"]
[Site "Chess.com"]
[Date "2020.05.19"]
[Round "8"]
[White "Gandrade2"]
[Black "pedro_nascimento85"]
[Result "0-1"]
[WhiteElo "2028"]
[BlackElo "1738"]
[TimeControl "180+1"]
[EndTime "13:36:47 PDT"]
[Termination "pedro_nascimento85 won on time"]

1. b3 d5 2. Bb2 c5 3. e3 a6 4. Nf3 Nc6 5. d4 e6 6. Be2 Nf6 7. O-O Be7 8. c4 dxc4 9. Bxc4 O-O 10. Qe2 b5 11. Bd3 Nb4 12. Rd1 Nxd3 13. Rxd3 Bb7 14. dxc5 Bxf3 15. Qd2 Bd5 16. Nc3 Qc8 17. b4 Bc4 18. Rd4 e5 19. Rh4 Rd8 20. Qc2 Bd3 21. Qc1 Bg6 22. Ne2 a5 23. Qc3 axb4 24. Qxe5 Qxc5 25.
Qg3 Rd2 26. Bd4 Qc8 27. Nf4 Qb8 28. Nxg6 fxg6 29. Qf3 Qd8 30. Rf4 Nd5 31. Rf7 Nf6 32. Rxf6 Bxf6 33. Bc5 Kh8 34. Rc1 Rc8 0-1

[Event "*** Titled Tuesday Blitz"]
[Site "Chess.com"]
[Date "2020.05.19"]
[Round "8"]
[White "themind1hunter"]
[Black "Mizner"]
[Result "0-1"]
[WhiteElo "2385"]
[BlackElo "2553"]
[TimeControl "180+1"]
[EndTime "13:36:48 PDT"]
[Termination "Mizner won by resignation"]

1. d4 d5 2. c4 e6 3. Nf3 Nf6 4.
g3 dxc4 5. Bg2 c5 6. O-O Nc6 7. Na3 cxd4 8. Nxc4 Bc5 9. a3 a5 10. Nfe5 Nxe5 11. Nxe5 O-O 12. Bg5 h6 13. Nd3 Be7 14. Bf4 Qb6 15. Rc1 Bd6 16. Qd2 Rd8 17. Rc4 Bd7 18.
Rfc1 Bb5 19. R4c2 Ba4 20. Bxd6 Qxd6 21. Rc7 Bc6 22. R7xc6 bxc6 23. Rxc6 Qd7 24. Ne5 Qe7 25. Rc4 Rac8 26. Nc6 Qe8 27. Rxd4 Rxd4 28. Qxd4 Rxc6 29. Bxc6 Qxc6 30. Qd8+ Kh7 31. Qxa5 Qc1+ 32. Kg2 Qxb2 33. Kf1 Ne4 34. Qb4 Qxb4 35. axb4 Kg6 36. f3 Nc3 37. e4 Kf6 38. Kf2 Ke5 39. Ke3 f5 40. Kd3 Nb5 41. f4+ Kd6 42. exf5 exf5 43. Kc4 Kc6 44. h3 h5 45. h4 g6 46. Kb3 Kd5 47. Ka4 Kc4 48. Ka5 Nc3 49. Kb6 Kxb4 50. Kc6 Ne2 51. Kd6 Nxg3 52. Ke6 Ne2 53. Kf6 Nxf4 54.
Kg5 Ng2 55. Kxg6 Nxh4+ 56. Kg5 Kc4 57. Kxh4 Kd4 58. Kxh5 Ke4 0-1

[Event "*** Titled Tuesday Blitz"]
[Site "Chess.com"]
[Date "2020.05.19"]
[Round "8"]
[White "killer311"]
[Black "2L8IWUN"]
[Result "0-1"]
[WhiteElo "2400"]
[BlackElo "2538"]
[TimeControl "180+1"]
[EndTime "13:36:48 PDT"]
[Termination "2L8IWUN won by resignation"]

1. d4 Nf6 2. c4 e6 3. Nc3 d5 4. e3 Nbd7 5. Nf3 a6 6. cxd5 exd5 7. Bd3 Bd6 8. O-O O-O 9. b3 b6 10. Bb2 Bb7 11. Rc1 Re8 12. Ne2 Ne4 13. Ng3 g6 14. Qe2 f5 15. Rfe1 Qf6 16. Bxe4 fxe4 17. Nd2 h5 18. f4 exf3 19. Nxf3 Re7 20. Rf1 Qe6 21.
Rce1 Rae8 22. Ng5 Qxe3+ 23. Qxe3 Rxe3 24. Rxe3 Rxe3 25. Kf2 Re8 26. Re1 Rxe1 27. Kxe1 a5 28. Kf2 Kg7 29. Nf3 Kf6 30. Ne2 Nf8 31. Ne5 Ne6 32. Ke3 g5 33. g3 Kf5 34. Nd3 Ba6 35.
Nf2 Bxe2 36. Kxe2 h4 37. g4+ Kg6 38. h3 Bg3 39. Nd3 Bd6 40. Ke3 Bf4+ 41. Kf3 Kf6 42.
Bc3 Bd6 43. Bb2 Kf7 44. Bc3 Ke7 45. Bb2 c5 46. dxc5 bxc5 47. Bc3 Bc7 48. Nf2 Nf4 49. Bd2 Ke6 50. Nd3 Nxd3 51. Bxg5 Ne5+ 52. Ke2 Ng6 53. Be3 d4 54. Bd2 Nf4+ 55. Kf3 Nxh3 56. Kg2 Nf4+ 57. Kf3 h3 58. g5 h2 0-1

[Event "*** Titled Tuesday Blitz"]
[Site "Chess.com"]
[Date "2020.05.19"]
[Round "8"]
[White "Xtrmntr78"]
[Black "szefru"]
[Result "1-0"]
[WhiteElo "2376"]
[BlackElo "2165"]
[TimeControl "180+1"]
[EndTime "13:36:48 PDT"]
[Termination "Xtrmntr78 won by resignation"]

1. c4 e5 2. Nc3 g6 3. g3 Bg7 4. Bg2 Ne7 5. e3 O-O 6. Nge2 c6 7.
d4 d6 8. O-O f5 9. b3 Be6 10. Ba3 e4 11. d5 cxd5 12. cxd5 Bf7 13. Rc1 Na6 14. Nf4 Rc8 15. Nb5 Be5 16. Ne6 Bxe6 17.
dxe6 Nc5 18. Bxc5 Rxc5 19. Rxc5 dxc5 20. f4 Bb8 21. a4 a6 22. Na3 Qb6 23. Qd7 Qxb3 24.
Qxe7 Qxe3+ 25. Kh1 Qxa3 26. Rd1 Qxa4 27. Rc1 Qe8 28.
Qxb7 Qxe6 29. Bf1 e3 30. Bc4 Qxc4 31. Rxc4 Re8 32. Qd7 Kf8 33. Rc1 e2 34. Re1 c4 35.
Qc6 Ba7 36. Qxc4 Bf2 37. Rxe2 Rxe2 38. Qxe2 Bb6 39. Qxa6 Bd8 40. Qc8 Ke7 41. Qb7+ Ke8 42. Qxh7 Be7 43. Qxg6+ 1-0

[Event "*** Titled Tuesday Blitz"]
[Site "Chess.com"]
[Date "2020.05.19"]
[Round "8"]
[White "GMJustin"]
[Black "Abdodi"]
[Result "1/2-1/2"]
[WhiteElo "2331"]
[BlackElo "2168"]
[TimeControl "180+1"]
[EndTime "13:36:50 PDT"]
[Termination "Game drawn by repetition"]

1. e4 c6 2. Nf3 d5 3. exd5 cxd5 4. Ne5 a6 5. d4 Nc6 6. Nxc6 bxc6 7. Be2 Nf6 8. O-O e6 9. Nd2 Bd6 10. Nf3 O-O 11. c4 h6 12. Qc2 Ne4 13. Ne5 Bb7 14. c5 Nxc5 15. Nxf7 Rxf7 16. dxc5 Bc7 17. f4 Qe7 18.
Bd2 e5 19. Rae1 e4 20. Be3 a5 21. g3 Ba6 22. Bxa6 Rxa6 23. Bd4 Qd7 24. b3 Bd8 25. a3 Bf6 26. Qc3 Bxd4+ 27. Qxd4 Qb7 28. b4 axb4 29. axb4 Ra4 30. Rb1 Qb5 31. f5 Ra2 32. Rb2 Rxb2 33. Qxb2 Qc4 34. f6 d4 35. b5 cxb5 36. c6 Rxf6 37.
Rxf6 gxf6 38. c7 Qxc7 39. Qxd4 Qc6 40. Qd8+ Kg7 41. Qe7+ Kg6 42. h4 h5 43. Kg2 e3+ 44. Kh2 Qc2+ 45. Kh3 Qf5+ 46. Kh2 Qf2+ 47. Kh3 e2 48.
Qe8+ Kf5 49. Qxh5+ Ke6 50. Qe8+ Kd5 51. Qxb5+ Ke4 52.
Qc4+ Ke3 53. Qc5+ Kf3 54. Qf5+ Ke3 55. Qc5+ Kf3 56. Qf5+ Ke3 57. Qc5+ 1/2-1/2

[Event "*** Titled Tuesday Blitz"]
[Site "Chess.com"]
[Date "2020.05.19"]
[Round "8"]
[White "Natalya_Buksa"]
[Black "Kezin_Roman"]
[Result "0-1"]
[WhiteElo "2577"]
[BlackElo "2755"]
[TimeControl "180+1"]
[EndTime "13:36:52 PDT"]
[Termination "Kezin_Roman won on time"]

1. d4 d5 2. Nc3 Nf6 3. Bf4 a6 4.
e3 e6 5. Nf3 c5 6. Bd3 b5 7.
O-O Bb7 8. Ne5 Nbd7 9. Nxd7 Qxd7 10. Be5 Be7 11. dxc5 Bxc5 12. Bxf6 gxf6 13. Qf3 f5 14. Ne2 Rg8 15. a4 b4 16. c3 d4 17.
e4 Qc6 18. Ng3 dxc3 19. bxc3 bxc3 20. Rab1 Rd8 21. Qe2 Rxg3 22. hxg3 fxe4 23. Bc4 Rd2 24. Qh5 e3 25. Rxb7 Qxb7 26. Bxe6 e2 27. Re1 Bxf2+ 28.
Kxf2 Qb6+ 29. Kf3 Qxe6 30. Qc5 Qf6+ 31. Ke3 Qh6+ 32. Kf2 Qf6+ 33. Kg1 Qe6 0-1

[Event "*** Titled Tuesday Blitz"]
[Site "Chess.com"]
[Date "2020.05.19"]
[Round "8"]
[White "UmutErdemGunduz"]
[Black "GMartin_Petrov"]
[Result "1-0"]
[WhiteElo "2474"]
[BlackElo "2595"]
[TimeControl "180+1"]
[EndTime "13:36:52 PDT"]
[Termination "UmutErdemGunduz won by resignation"]

1. e4 c5 2. Nf3 d6 3. d4 cxd4 4.
Nxd4 Nf6 5. f3 e5 6. Nb3 Be6 7. c4 Be7 8. Be3 O-O 9. Nc3 a5 10. Qd2 a4 11. Nc1 Qa5 12. Be2 Nc6 13. b3 axb3 14.
Nxb3 Qb4 15. Nd5 Bxd5 16. cxd5 Qxd2+ 17. Kxd2 Na5 18. Rhc1 Bd8 19. Bb5 Nh5 20. g3 g6 21.
Kd3 f5 22. Nxa5 fxe4+ 23. fxe4 Bxa5 24. a4 Nf6 25. Rf1 Ng4 26. Bg1 Rac8 27. Rxf8+ Kxf8 28. Bc4 Ke7 29. Rb1 Rc7 30. Rb5 Be1 31. Rb2 Ba5 32.
Rb5 Be1 33. Rb2 Nf6 34. Bb6 Rc8 35. Rb1 Nd7 36. Be3 Ba5 37. Rxb7 Rc7 38. Rxc7 Bxc7 39.
Bb5 Bb6 40. Bxd7 Bxe3 41. Kxe3 Kxd7 42. Kd3 Kc7 43. Kc4 Kb6 44. Kb4 Ka6 45. a5 g5 46. h3 Ka7 47. Kb5 Kb7 48. a6+ Ka7 49.
Kc6 1-0

[Event "*** Titled Tuesday Blitz"]
[Site "Chess.com"]
[Date "2020.05.19"]
[Round "8"]
[White "MFguimaraes"]
[Black "crazy_but_lazy"]
[Result "1-0"]
[WhiteElo "2503"]
[BlackElo "2353"]
[TimeControl "180+1"]
[EndTime "13:36:52 PDT"]
[Termination "MFguimaraes won on time"]

1. e4 c5 2. Nf3 d6 3. Bb5+ Bd7 4. c4 Nf6 5. Nc3 g6 6. O-O Bg7 7. d4 cxd4 8. Nxd4 O-O 9. f3 a6 10. Ba4 Qc7 11. Be3 Rc8 12. Bxd7 Nbxd7 13. Rc1 Rab8 14. b3 Qd8 15. Re1 Ne5 16. h3 Nc6 17. Nd5 e6 18. Nxf6+ Bxf6 19. Qd2 Nxd4 20. Bxd4 Rc6 21. Rcd1 b5 22.
cxb5 axb5 23. Bxf6 Qxf6 24. Qd4 Qg5 25. Qd2 Qg3 26. Qf2 Qxf2+ 27. Kxf2 Kf8 28. Re2 Ke7 29. Ke3 b4 30. Red2 f5 31. Rd4 Ra6 32. R1d2 Rb5 33. Rc4 Ra7 34. Rc6 Rd7 35. Ra6 Rc5 36. Rb6 Rc3+ 37. Kf4 e5+ 38. Kg5 Ke6 39. Rxb4 Re3 40. a4 fxe4 41. fxe4 Rf7 42. a5 1-0

[Event "*** Titled Tuesday Blitz"]
[Site "Chess.com"]
[Date "2020.05.19"]
[Round "8"]
[White "Glidzhian_Gor"]
[Black "MFBerna"]
[Result "0-1"]
[WhiteElo "2453"]
[BlackElo "2342"]
[TimeControl "180+1"]
[EndTime "13:36:52 PDT"]
[Termination "MFBerna won on time"]

1. e4 c5 2. d4 cxd4 3. c3 dxc3 4. Nxc3 Nc6 5. Bc4 e6 6. Nf3 d6 7. O-O Nf6 8. Qe2 Be7 9. Rd1 Qc7 10. Bg5 a6 11. Rac1 O-O 12. Bb3 Qa5 13. Nd5 exd5 14. exd5 Ne5 15. Nxe5 dxe5 16. d6 Bg4 17. f3 Bd8 18. fxg4 e4 19. Be3 Bb6 20. h3 Rad8 21. g5 Nh5 22. Rd5 Nf4 23. Qe1 Nxd5 24. Qxa5 Bxa5 25.
Bxd5 Rxd6 26. Bxb7 Bb6 27. Bxb6 Rxb6 28. Bxe4 Rxb2 29.
Bd5 Rb5 30. Bb3 Rxg5 31. Rc7 a5 32. Ra7 g6 33. Kf2 Rf5+ 34. Ke3 h5 35. g4 hxg4 36. hxg4 Rf6 37. Ke4 Re8+ 38. Kd3 Rd8+ 39. Ke4 Re8+ 40. Kd3 Rf3+ 41. Kd2 Rf4 42. Rxa5 Rxg4 43. Ra7 Rf4 44.
Kd3 g5 45. a4 Rf3+ 46. Kc2 Rc8+ 0-1

[Event "*** Titled Tuesday Blitz"]
[Site "Chess.com"]
[Date "2020.05.19"]
[Round "8"]
[White "Prostochendir"]
[Black "sopo-tereladze"]
[Result "0-1"]
[WhiteElo "2162"]
[BlackElo "2321"]
[TimeControl "180+1"]
[EndTime "13:36:52 PDT"]
[Termination "sopo-tereladze won on time"]

1. e4 e5 2. Nf3 Nc6 3. d4 exd4 4.
Bc4 Nf6 5. e5 d5 6. Bb5 Ne4 7.
Nxd4 Bd7 8. Bxc6 bxc6 9. O-O Bc5 10. Be3 Qb8 11. Qc1 O-O 12. c3 Bxd4 13. cxd4 f6 14. f3 Ng5 15. Bxg5 fxg5 16. Nd2 g4 17. f4 Qb5 18. Nb3 Bf5 19. Qc5 Qe2 20. Rf2 Qe3 21. Qc3 Qxc3 22. bxc3 Rab8 23. Rc1 Rb5 24. Rd2 Rfb8 25.
Kf2 Be4 26. Kg3 h5 27. h3 gxh3 28. gxh3 Kf7 29. Kh4 g6 30. Nc5 Rb2 31. Nxe4 dxe4 32. Rcc2 Rxc2 33. Rxc2 Rb1 34. Re2 Rc1 0-1

[Event "*** Titled Tuesday Blitz"]
[Site "Chess.com"]
[Date "2020.05.19"]
[Round "8"]
[White "GM_LOADING"]
[Black "TST2014"]
[Result "0-1"]
[WhiteElo "2448"]
[BlackElo "2577"]
[TimeControl "180+1"]
[EndTime "13:36:53 PDT"]
[Termination "TST2014 won by checkmate"]

1. e4 c5 2. Nf3 Nc6 3. d4 cxd4 4. Nxd4 Nf6 5. Nc3 d6 6. Bg5 e5 7.
Ndb5 a6 8. Na3 h6 9. Bxf6 Qxf6 10.
Nc4 Qd8 11. Nd5 Be6 12. Ncb6 Rb8 13. c3 Be7 14. Be2 O-O 15. O-O Bg5 16. Bg4 Ne7 17.
Nxe7+ Qxe7 18. Nd5 Qd7 19. h3 f5 20. exf5 Bxf5 21.
Bxf5 Rxf5 22. Qg4 Qf7 23. Rad1 Rf8 24. Qg3 Bf4 25. Nxf4 exf4 26. Qf3 d5 27. Rd4 Re5 28. Rfd1 Re4 29. Rxd5 Qe6 30. Rd7 Re1+ 31. Rxe1 Qxe1+ 32. Kh2 b5 33. Qg4 Qe5 34. f3 a5 35. Rb7 Rf7 36.
Qc8+ Rf8 37. Qd7 Kh7 38. Rxb5 Qe1 39. Qg4 Rf6 40. Rb7 Rg6 41. Qxf4 Qf2 42. h4 Qxg2# 0-1

[Event "*** Titled Tuesday Blitz"]
[Site "Chess.com"]
[Date "2020.05.19"]
[Round "8"]
[White "Mirzaad786"]
[Black "jonaszmb"]
[Result "1-0"]
[WhiteElo "2298"]
[BlackElo "2509"]
[TimeControl "180+1"]
[EndTime "13:36:53 PDT"]
[Termination "Mirzaad786 won on time"]

1. d4 d5 2. Nf3 Nf6 3. Bf4 e6 4. c3 c5 5. e3 Nc6 6. Nbd2 cxd4 7.
exd4 Nh5 8. Bg3 Nxg3 9. hxg3 g6 10. Bd3 Bg7 11. Qe2 Qc7 12. Ng5 h6 13. Ngf3 Bd7 14.
Rc1 Nxd4 15. Nxd4 Bxd4 16. Qg4 Bf6 17. O-O e5 18. Qe2 O-O-O 19. c4 d4 20. c5 Bg5 21. b4 f5 22. b5 Kb8 23. c6 Bxd2 24. Qxd2 Be6 25.
cxb7 Qxb7 26. a4 e4 27. Bc4 Bxc4 28. Rxc4 d3 29. Rfc1 Rc8 30. Rc6 g5 31. Qe3 Rhd8 32.
Qd2 f4 33. gxf4 gxf4 34. Qxf4+ Ka8 35. Qxe4 Rxc6 36. bxc6 Qc7 37. Rd1 d2 38. g3 h5 39.
Kg2 h4 40. Qxh4 Rd6 41. Qe4 Rxc6 42. Rxd2 Kb7 43. Rb2+ Kc8 44. Re2 Rd6 45. Qe8+ Rd8 46. Qe6+ Kb8 47. Rb2+ Ka8 48. Qe4+ 1-0

[Event "*** Titled Tuesday Blitz"]
[Site "Chess.com"]
[Date "2020.05.19"]
[Round "8"]
[White "TV27"]
[Black "WonderChampion"]
[Result "1-0"]
[WhiteElo "2096"]
[BlackElo "1921"]
[TimeControl "180+1"]
[EndTime "13:36:53 PDT"]
[Termination "TV27 won by resignation"]

1. e4 c5 2. Nf3 g6 3. c3 Nf6 4. e5 Nd5 5. Bc4 Nb6 6. Bxf7+ Kxf7 7. Ng5+ Kg7 8. Qf3 Qe8 9. Na3 Nc6 10. Nb5 Nxe5 11.
Qe3 Nbc4 12. Qe2 Qd8 13. d4 cxd4 14. cxd4 Qa5+ 15. Nc3 Nc6 16. Qxc4 e6 17. O-O Be7 18. Nf3 Rf8 19. d5 exd5 20. Nxd5 Bd6 21. Bd2 Qc5 22.
Bc3+ Kf7 23. Ng5+ Ke8 24. Rae1+ Kd8 25. Qh4 Be7 26. Nxe7 Nxe7 27. Bg7 Rg8 28. Nf7+ Ke8 29. Bf6 Kxf7 30. Rxe7+ Qxe7 31. Bxe7 Re8 32. Qf6+ Kg8 33. h4 d5 34. h5 Bf5 35. h6 Rxe7 36. Qxe7 1-0

[Event "*** Titled Tuesday Blitz"]
[Site "Chess.com"]
[Date "2020.05.19"]
[Round "8"]
[White "WPWPWP-2015"]
[Black "AliKa2810"]
[Result "1-0"]
[WhiteElo "2428"]
[BlackElo "2604"]
[TimeControl "180+1"]
[EndTime "13:36:54 PDT"]
[Termination "WPWPWP-2015 won on time"]

1. e4 e6 2. d4 d5 3. Nc3 Bb4 4. a3 Bxc3+ 5. bxc3 dxe4 6. Qg4 Nf6 7. Qxg7 Rg8 8. Qh6 c5 9. Ne2 Bd7 10. h3 Ba4 11. Qd2 Nbd7 12. Ng3 Rc8 13. Ra2 Qb6 14. Rb2 Qc6 15. Be2 e3 16. Qxe3 cxd4 17. cxd4 Nb6 18.
Qf3 Nfd5 19. c4 Nxc4 20. Rb1 Bc2 21. Ra1 Na5 22. O-O Nb3 23. Ra2 Nxd4 24. Qh5 Nc3 25. Rxc2 Ncxe2+ 26. Rxe2 Nxe2+ 27. Qxe2 Qc4 28. Qh5 Rc5 29. Qxh7 Rg6 30. Qh8+ Ke7 31. Be3 Rd5 32. Qb8 Rd7 33. Qxa7 Qd3 34. Qc5+ Ke8 35. Qc8+ Rd8 36. Qc5 Rd7 37. Rc1 f5 38. Qc8+ Kf7 39. Qh8 Rxg3 40. Rc8 1-0

[Event "*** Titled Tuesday Blitz"]
[Site "Chess.com"]
[Date "2020.05.19"]
[Round "8"]
[White "keepitcool9499"]
[Black "1f3_2g41-0"]
[Result "0-1"]
[WhiteElo "2450"]
[BlackElo "2330"]
[TimeControl "180+1"]
[EndTime "13:36:54 PDT"]
[Termination "1f3_2g41-0 won on time"]

1. d4 Nf6 2. c4 g6 3. Nc3 d5 4. Nf3 Bg7 5. e3 O-O 6. Bd3 Nc6 7. O-O e6 8. b3 a5 9. Bb2 Nb4 10. Bb1 b6 11. Ne5 Nd7 12. Nxd7 Qxd7 13. a3 Nc6 14.
cxd5 exd5 15. Qf3 Ne7 16. Bd3 Bb7 17. b4 c5 18. bxc5 bxc5 19. Bb5 Qc7 20. Ne2 a4 21. Rab1 c4 22. Bc3 Nf5 23. Ng3 Nd6 24. Bb4 Rfb8 25. Bxd6 Qxd6 26. Bxc4 Bc6 27. Be2 Qxa3 28. Ra1 Qb2 29.
Bd3 Qc3 30. Bxg6 hxg6 31. Rac1 Qb3 32. Rxc6 a3 33. Rc7 Rf8 34. h4 a2 35. Ra1 Qb2 36.
Rcc1 Rfc8 37. Rd1 Rc2 38. Qxd5 Rac8 39. h5 Rxf2 40. hxg6 Rcc2 41. gxf7+ Kh7 42. Qh5+ Bh6 43. f8=Q Rxg2+ 0-1

[Event "*** Titled Tuesday Blitz"]
[Site "Chess.com"]
[Date "2020.05.19"]
[Round "8"]
[White "YellowJacek"]
[Black "L_lorenzo"]
[Result "1-0"]
[WhiteElo "2293"]
[BlackElo "2022"]
[TimeControl "180+1"]
[EndTime "13:36:54 PDT"]
[Termination "YellowJacek won on time"]

1. e4 c5 2. Nf3 e6 3. d4 cxd4 4. Nxd4 Nc6 5. c4 Nf6 6. Nc3 Bb4 7. Qd3 a6 8. Nxc6 bxc6 9. e5 Ng4 10. Qg3 Qa5 11. f4 Nh6 12. Bd2 Nf5 13. Qd3 O-O 14. g4 Nh4 15. Qg3 Ng6 16. Bd3 d5 17. exd6 Bxd6 18.
O-O-O Rb8 19. Bc2 Qb4 20. Bb3 Qb7 21. h4 Qc7 22. Rhf1 a5 23. Ne4 Bb4 24. Be3 Ba6 25. h5 Ne7 26. h6 a4 27. hxg7 Kxg7 28. Bd4+ f6 29. Nxf6 Rxf6 30. g5 Ng6 31. gxf6+ Kf7 32. Qh3 Rh8 33. Qh6 Bf8 34. Qg5 axb3 35. axb3 c5 36.
Be5 Qa5 37. Bc3 Qa2 38. Kc2 1-0

[Event "*** Titled Tuesday Blitz"]
[Site "Chess.com"]
[Date "2020.05.19"]
[Round "8"]
[White "manikoloz"]
[Black "Enriquack"]
[Result "1-0"]
[WhiteElo "2476"]
[BlackElo "2303"]
[TimeControl "180+1"]
[EndTime "13:36:55 PDT"]
[Termination "manikoloz won by resignation"]

1. Nf3 Nf6 2. c4 g6 3. g3 Bg7 4.
Bg2 O-O 5. O-O Nc6 6. d4 d5 7. cxd5 Nxd5 8. e4 Nb6 9. d5 Na5 10. Nc3 c6 11. Be3 Nac4 12. Bxb6 Qxb6 13. dxc6 bxc6 14.
Na4 Qa5 15. Qc2 Be6 16. Rab1 Nb6 17. Nxb6 axb6 18. a3 Rac8 19. h4 h6 20. Rfd1 c5 21. Rd2 Rfd8 22. Rbd1 Rxd2 23. Rxd2 Qb5 24. Bf1 Qb3 25.
Qxb3 Bxb3 26. Bb5 Kf8 27. Kf1 Be6 28. Ke2 Bg4 29. Ke3 Bxf3 30. Kxf3 Bd4 31. b3 e6 32. a4 Ke7 33. Ke2 f5 34. exf5 gxf5 35. Kd3 Rd8 36. Kc4 Kf6 37. Re2 e5 38. Bc6 e4 39. Kb5 Ke5 40. Ka6 Rd6 41. Kb7 Kf6 42. Kc7 Re6 43. Bd5 Re7+ 44. Kc6 Re5 45. Bc4 e3 46.
fxe3 Rxe3 47. Rxe3 Bxe3 48. Kxb6 Ke5 49. a5 f4 50.
gxf4+ Bxf4 51. a6 1-0

[Event "*** Titled Tuesday Blitz"]
[Site "Chess.com"]
[Date "2020.05.19"]
[Round "8"]
[White "DinaBelenkaya"]
[Black "Ural_bogatyr"]
[Result "1-0"]
[WhiteElo "2232"]
[BlackElo "2359"]
[TimeControl "180+1"]
[EndTime "13:36:56 PDT"]
[Termination "DinaBelenkaya won on time"]

1. e4 e5 2. Nf3 Nc6 3. d4 exd4 4. Nxd4 Qf6 5. Nb3 a5 6. a4 Bb4+ 7. c3 Bd6 8. N1d2 Nge7 9. Nf3 Bf4 10. Be2 d6 11. Nbd4 O-O 12. Nb5 Bg4 13. Nxc7 Rac8 14.
Nd5 Nxd5 15. Qxd5 Rfe8 16. O-O Bxf3 17. Bxf3 Ne5 18. Be2 Rc5 19. Qd4 g5 20. Rd1 Re6 21. b4 Rc8 22. bxa5 g4 23. Bxf4 Qxf4 24. c4 Rh6 25. g3 Qg5 26. h4 gxh3 27. Kh2 Rxc4 28.
Qd2 Qxd2 29. Rxd2 Rxe4 30. f4 Rxe2+ 31. Rxe2 Ng4+ 32. Kh1 d5 33. Rc1 Rd6 34. Rc8+ Kg7 35. Ree8 Kf6 36. Rg8 h5 37. Rge8 d4 38. Rcd8 Re6 39.
Rxe6+ Kxe6 40. Rxd4 Kf5 41. Rb4 f6 42. Rxb7 Ke4 43.
Rb3 1-0

[Event "*** Titled Tuesday Blitz"]
[Site "Chess.com"]
[Date "2020.05.19"]
[Round "8"]
[White "chessuriel"]
[Black "Anna_Ko_Rnd"]
[Result "1-0"]
[WhiteElo "2168"]
[BlackElo "1647"]
[TimeControl "180+1"]
[EndTime "13:36:56 PDT"]
[Termination "chessuriel won on time"]

1. e4 c5 2. Nf3 Nc6 3. Bc4 e6 4. d4 cxd4 5. Nxd4 a6 6. Nc3 b5 7. Bb3 Nf6 8. Nxc6 dxc6 9. Qxd8+ Kxd8 10. Bg5 Be7 11. O-O-O+ Ke8 12. Rhe1 h6 13. Bxf6 gxf6 14. a4 Rg8 15. g3 Bc5 16. Re2 e5 17. Rd3 Bh3 18.
Red2 b4 19. Nd1 Ke7 20. Ne3 Bd4 21. c3 bxc3 22. bxc3 Bc5 23. a5 Ra7 24. Bc4 Rb8 25.
Kd1 Rb1+ 26. Ke2 Ra1 27. g4 Bxe3 28. Rxe3 Bf1+ 29. Kf3 Bxc4 30. Kg2 Rxa5 31. Rh3 Be6 32. f3 Ra1 33. Rxh6 a5 34. Rh8 a4 35. Rdd8 Bd7 36.
Rb8 a3 37. g5 a2 38. gxf6+ Kxf6 39. h4 Re1 40. h5 a1=Q 41. Rh6+ Kg7 42. Rd6 Qa2+ 43.
Kg3 Rg1+ 44. Kh4 1-0